 Dungeon Crawl Stone Soup version 0.27-a0-869-g165b36e3f0 (webtiles) character file.

Game seed: 9405640091843733039

7287 shoop the Grappler (level 10, -8/105 HPs)
             Began as a Demigod Transmuter on Apr 3, 2021.
             Mangled by a cane toad (18 damage)
             ... on level 1 of the Lair of Beasts.
             The game lasted 00:38:29 (15801 turns).

shoop the Grappler (Demigod Transmuter)            Turns: 15801, Time: 00:38:30

Health: -8/105     AC:  7    Str: 19    XL:     10   Next: 59%
Magic:  0/21       EV: 12    Int: 19    God:
Gold:   344        SH:  0    Dex: 14    Spells: 5/19 levels left

rFire    . . .     SeeInvis .     - Unarmed
rCold    . . .     Faith    .   (shield currently unavailable)
rNeg     . . .     Spirit   +   (armour currently unavailable)
rPois    +         Reflect  .   (helmet currently unavailable)
rElec    .         Harm     .   (cloak currently unavailable)
rCorr    .         Rampage  .   (gloves currently unavailable)
Will     .....                  (boots currently unavailable)
Stlth    ++........             N - amulet of guardian spirit
HPRegen  0.27/turn              n - ring of flight
MPRegen  0.17/turn              A - +4 ring of evasion

@: hydra-form, weak-willed, flying
A: fast swimmer, devour, amphibious, boosted hp, very large, high mp 1, forlorn
a: End Transformation


You were on level 1 of the Lair of Beasts.
You were a three-headed hydra.
You visited 2 branches of the dungeon, and saw 12 of its levels.

You collected 710 gold pieces.
You spent 366 gold pieces at shops.

Inventory:

Missiles
 g - 7 atropa-tipped darts
 y - 2 throwing nets
 C - 47 poisoned darts (quivered)
 G - 2 curare-tipped darts
Armour
 a - a +0 robe
 f - a +0 pair of boots (melded)
 j - a +0 pair of gloves (melded)
 l - a +0 cloak (melded)
 o - a +0 buckler
 x - a +0 leather armour of fire resistance
 H - a +0 kite shield
 J - a +1 animal skin (melded)
Jewellery
 n - a ring of flight (left foreclaw)
 A - a +4 ring of evasion (right foreclaw)
 E - a ring of resist corrosion
 N - an amulet of guardian spirit (around neck)
Wands
 q - a wand of flame (13)
 r - a wand of random effects (59)
 K - a wand of iceblast (6)
 M - a wand of digging (6)
Scrolls
 b - 3 scrolls of enchant weapon
 d - a scroll of vulnerability
 e - 6 scrolls of amnesia
 k - 2 scrolls of teleportation
 m - a scroll of noise
 p - a scroll of fog
 s - 2 scrolls of magic mapping
 u - a scroll of immolation
 B - 2 scrolls of brand weapon
 I - a scroll of blinking
 L - a scroll of enchant armour
Potions
 c - 3 potions of curing
 h - a potion of cancellation
 i - 2 potions of brilliance
 t - 4 potions of heal wounds
 v - 2 potions of ambrosia {unknown}
 w - a potion of flight {unknown}
 z - 2 potions of resistance
 D - a potion of magic
 F - 2 potions of mutation {unknown}


   Skills:
 - Level 5.0 Fighting
 - Level 1.0 Throwing
 - Level 3.0 Dodging
 - Level 2.0 Stealth
 * Level 9.4 Unarmed Combat
 + Level 5.4 Spellcasting
 * Level 7.3 Transmutations
 - Level 2.0 Air Magic
 - Level 5.0 Poison Magic
 + Level 2.0 Evocations


You had 5 spell levels left.
You knew the following spells:

 Your Spells              Type           Power      Damage    Failure   Level
a - Spider Form           Tmut/Pois      14%        N/A       2%          3
b - Swiftness             Air            12%        N/A       8%          2
c - Beastly Appendage     Tmut           66%        N/A       1%          1
d - Hydra Form            Tmut           16%        N/A       16%         5
i - Ignite Poison         Fire/Tmut/Pois 20%        N/A       7%          3

Your spell library contained the following spells:

 Spells                   Type           Power      Damage    Failure   Level
 Sting                    Tmut/Pois      100%       1d8       1%          1
 Wereblood                Tmut           33%        N/A       1%          2
 Poisonous Vapours        Pois/Air       36%        N/A       4%          2
 Shock                    Conj/Air       32%        1d5       8%          1
 Mephitic Cloud           Conj/Pois/Air  14%        N/A       14%         3
 Olgreb's Toxic Radiance  Pois           24%        N/A       16%         4
 Static Discharge         Conj/Air       8%         N/A       24%         3
 Ice Form                 Ice/Tmut       19%        N/A       26%         4
 Conjure Flame            Conj/Fire      5%         6-21      34%         3
 Airstrike                Air            6%         N/A       45%         4
 Lightning Bolt           Conj/Air       4%         1d15      91%         5
 Freezing Cloud           Conj/Ice/Air   3%         6-21      100%        6


Dungeon Overview and Level Annotations

Branches:
Dungeon (11/15)            Temple (0/1) D:6            Lair (1/6) D:10
    Orc: D:9-12

Shops:
D:1 [   D:6 !

Annotations:
D:8 exclusion: 2 two-headed ogres
D:9 Harold


Innate Abilities, Weirdness & Mutations

You are a three-headed hydra.
You swim very quickly.
You can devour living enemies to heal.
You are amphibious.
Your maximum health is greatly increased.
Your armour is entirely melded.
You are incapable of wielding weapons or throwing items.
Your attributes grow dramatically as you level up.
You have an increased reservoir of magic. (+10% MP)
You shall have no god before yourself.


Message History

You start resting.
A komodo dragon comes into view.
Okay, then.
Casting: Hydra Form (dangerous; 16% risk of failure)
Confirm with . or Enter, or press ? or * to list all spells.
You turn into a three-headed hydra.
Your +0 cloak melds into your body.
Your +0 pair of gloves melds into your body.
Your +0 pair of boots melds into your body.
Your +1 animal skin melds into your body.
A cane toad comes into view.
You nip at the komodo dragon but do no damage.
The komodo dragon bites you!!
* * * LOW HITPOINT WARNING * * *
You nip at the komodo dragon but do no damage.
The komodo dragon bites you!
* * * LOW HITPOINT WARNING * * *
Okay, then.
You feel much better. The komodo dragon misses you.
You nip at the komodo dragon but do no damage.
A komodo dragon comes into view.
The komodo dragon bites you!!
* * * LOW HITPOINT WARNING * * *
Okay, then.
Unknown command.
Save game and exit?
Welcome back, shoop the Demigod Transmuter.
Press ? for a list of commands and other information.
As you read the scroll labelled LIPHIL FODU, it crumbles to dust.
You feel aware of your surroundings.
It was a scroll of magic mapping.
The komodo dragon bites you!!
* * * LOW HITPOINT WARNING * * *
The cane toad closely misses you.
As you read the scroll labelled LEDAFF VESSUO, it crumbles to dust.
The scroll dissolves into smoke.
It was a scroll of fog.
The komodo dragon closely misses you.
The cane toad stings you but does no damage.
As you read the scroll labelled CELOWK BOSEXTOC, it crumbles to dust.
Magic quickly surges around you.
It was a scroll of vulnerability.
The cane toad stings you!!
You die...

#........,,,,,,,,*,,* *
##♣......,,,,,,,,,*,,*****
#..P.....,,,,,,,,,,,,,,,,,
*#..P....#*+**,,,,,,*,,,***
**...P....#,,,*,,,,,,,,,,,,,
*,.....P..#,,,*,,,,,,,,,**,*
**........#,,,*,,,.,,,,,,,,,
*....P.P.#####....,,**,,,,,
*.♣.P....§D§§.....,*,***,,,
*,#♣.....§lF§..P..,*,,***,,
*,,♣.....§§§§...P.,*,,,***,
*,,#........?.....,,,,,,,,,
**,,#...........P♣.,,,,,,,,,
*,,,###..♣.P.P.♣...,,,,,*,**
*,,** ###.P........,,**,****
*,,**** *...:......******
**,**,***,,,***,,,,*


You could see a komodo dragon (weak-willed) and a cane toad (weak-willed).

Vanquished Creatures
  Pikel (D:6)
  Joseph (D:9)
  Psyche (D:9)
  An unseen horror (D:10)
  A cane toad (Lair:1)
  A komodo dragon (D:10)
  A hornet (D:4)
  2 spriggans (Lair:1)
  2 yaks (D:8)
  Grum (D:9)
  Edmund (D:4)
  2 steam dragons
  Menkaure (D:4)
  2 water moccasins
  A hornet zombie (D:8)
  3 orc warriors (D:8)
  2 sky beasts (D:6)
  2 black bears
  An ice beast (D:5)
  3 necrophages
  3 wolves (D:9)
  4 centaurs
  4 ogres
  A phantom (D:6)
  3 lemures (D:6)
  3 kobold brigands
  3 bullfrogs
  A wyvern zombie (D:6)
  A water moccasin skeleton (D:4)
  7 killer bees (D:9)
  10 wights
  A howler monkey (D:10)
  2 centaur zombies
  2 hounds
  A bullfrog skeleton (D:6)
  2 orc priests (D:6)
  A jelly (D:6)
  3 orc wizards
  3 iguanas
  4 gnolls (D:4)
  11 adders
  A shadow imp (D:6)
  An ufetubus (D:4)
  An adder skeleton (D:4)
  2 worms (D:2)
  2 dart slugs
  21 orcs
  9 ball pythons
  4 bats
  5 endoplasms
  A giant cockroach (D:3)
  8 hobgoblins
  15 jackals
  4 quokkas
  2 frilled lizards
  6 goblins
  18 kobolds
  5 rats
205 creatures vanquished.

Vanquished Creatures (others)
  2 fungi (Lair:1)
  11 plants
13 creatures vanquished.

Grand Total: 218 creatures vanquished

Notes
Turn   | Place    | Note
-------+----------+-------------------------------------------
     0 | D:1      | shoop the Demigod Transmuter began the quest for the Orb.
     0 | D:1      | Reached XP level 1. HP: 15/15 MP: 5/5
   343 | D:1      | Reached skill level 1 in Fighting
   371 | D:1      | Reached XP level 2. HP: 19/23 MP: 7/7
   391 | D:1      | Learned a level 2 spell: Wereblood
   739 | D:1      | Reached skill level 3 in Unarmed Combat
   873 | D:1      | Found Tunna's Armour Boutique.
   876 | D:1      | Bought a +0 pair of boots for 58 gold pieces
  1099 | D:2      | Reached skill level 1 in Stealth
  1102 | D:2      | Reached XP level 3. HP: 23/28 MP: 5/8
  1527 | D:2      | Reached XP level 4. HP: 34/35 MP: 7/9
  2888 | D:3      | Reached skill level 4 in Unarmed Combat
  3329 | D:4      | Noticed Menkaure
  3461 | D:4      | Reached skill level 1 in Throwing
  3461 | D:4      | Reached XP level 5. HP: 40/40 MP: 8/10
  3528 | D:4      | Noticed a hornet
  3663 | D:5      | Entered Level 5 of the Dungeon
  3663 | D:5      | Noticed a black bear
  3676 | D:5      | Killed a black bear
  3677 | D:5      | Reached skill level 1 in Evocations
  3677 | D:5      | Reached XP level 6. HP: 35/47 MP: 8/11
  3682 | D:5      | Reached skill level 5 in Unarmed Combat
  4201 | D:5      | Learned a level 3 spell: Spider Form
  4350 | D:5      | Reached XP level 7. HP: 26/52 MP: 10/13
  4351 | D:5      | Reached skill level 6 in Unarmed Combat
  5335 | D:4      | Noticed Edmund
  5363 | D:4      | Killed Edmund
  5371 | D:4      | Learned a level 3 spell: Ignite Poison
  5814 | D:4      | Noticed a steam dragon
  6103 | D:4      | Killed a steam dragon
  6287 | D:4      | Paralysed by a hornet for 3 turns
  6289 | D:4      | Killed a hornet
  6290 | D:4      | Reached XP level 8. HP: 16/59 MP: 10/15
  6965 | D:4      | Killed Menkaure
  7179 | D:6      | Found a staircase to the Ecumenical Temple.
  7228 | D:6      | Reached skill level 5 in Transmutations
  7338 | D:6      | Learned a level 2 spell: Swiftness
  7729 | D:6      | Reached skill level 1 in Air Magic
  8412 | D:6      | Found Ipunus's Distillery.
  8417 | D:6      | Bought a potion of magic for 112 gold pieces
  8417 | D:6      | Bought 2 potions of heal wounds for 140 gold pieces
  8417 | D:6      | Bought a potion of degeneration for 14 gold pieces
  8417 | D:6      | Bought a potion of curing for 42 gold pieces
  8709 | D:6      | Noticed Pikel
  8860 | D:6      | Reached skill level 5 in Poison Magic
  8941 | D:6      | Reached XP level 9. HP: 22/60 MP: 18/18
  9172 | D:6      | Killed Pikel
  9240 | D:6      | Reached skill level 7 in Unarmed Combat
  9263 | D:6      | Found a large runed translucent door.
  9264 | D:6      | Found a large runed translucent door.
  9916 | D:7      | Learned a level 5 spell: Hydra Form
 10770 | D:8      | Noticed a two-headed ogre
 10881 | D:8      | Reached skill level 8 in Unarmed Combat
 11842 | D:8      | Noticed a two-headed ogre
 12470 | D:8      | Reached XP level 10. HP: 78/78 MP: 17/20
 12743 | D:9      | Noticed Grum
 13120 | D:9      | Killed Grum
 13272 | D:9      | Reached skill level 5 in Spellcasting
 13358 | D:9      | Noticed Joseph
 13381 | D:10     | Entered Level 10 of the Dungeon
 13711 | D:9      | Killed Joseph
 13852 | D:9      | Noticed Psyche
 13871 | D:9      | Killed Psyche
 13872 | D:9      | Reached skill level 9 in Unarmed Combat
 14097 | D:9      | Noticed Harold
 15226 | D:10     | Found a staircase to the Lair.
 15361 | D:11     | Noticed a catoblepas
 15393 | D:11     | Noticed a green ugly thing
 15456 | Lair:1   | Entered Level 1 of the Lair of Beasts
 15593 | Lair:1   | Reached skill level 5 in Fighting
 15720 | Lair:1   | Noticed a five-headed hydra
 15801 | Lair:1   | Mangled by a cane toad

Illustrated notes

Levels and vault maps discovered:
D:1:      mrwooster_arrival_statue_2, layout_loops_ring, basic_ecumenical_altar,
          serial_shops, shop, st_stairs_13
D:2:      layout_rooms
D:3:      layout_basic, nicolae_wu_jian_wuxing_cycle
D:4:      layout_basic, kennysheep_little_box, uniq_edmund, uniq_menkaure
D:5:      layout_basic
D:6:      layout_loops_corners, jmf_multi_god_temple2, minmay_temple_entry_tees,
          serial_shops, shop_fountains, grunt_ministairs_12, uniq_pikel
D:7:      layout_loops_cross
D:8:      layout_layer_cave, amcnicky_altar_gilded, special_room
          [special_room_orc]
D:9:      layout_long_grid, uniq_joseph, uniq_harold, uniq_psyche, uniq_grum
D:10:     layout_rooms, tso_metal_star, david_lair_shrubbed
D:11:     layout_big_octagon, zin_treasury
Lair:1:   kb_forest_paths, layout_misc_corridors,
          grunt_forest_large_clearing_hut

Skill      XL: |  1  2  3  4  5  6  7  8  9 10 |
---------------+-------------------------------+-----
Fighting       | 1 4 5 |  5.0
Transmutations | 2 3 4 5 6 7 |  7.3
Dodging        | 2 3 |  3.0
Unarmed Combat | 3 4 5 6 8 9 |  9.4
Spellcasting   | 2 4 5 |  5.4
Stealth        | 1 2 |  2.0
Throwing       | 1 |  1.0
Evocations     | 1 2 |  2.0
Poison Magic   | 3 5 |  5.0
Air Magic      | 2 |  2.0

Action                   |  1- 3 |  4- 6 |  7- 9 | 10-12 || total
-------------------------+-------+-------+-------+-------++-------
Melee: Unarmed           |    81 |   141 |   378 |   136 ||   736
       Headbutt          |    12 |    16 |     5 |       ||    33
       Kick              |    13 |    33 |    10 |       ||    56
       Punch             |     1 |     2 |       |       ||     3
Throw: Dart              |       |       |       |     9 ||     9
 Cast: Beastly Appendage |    15 |    28 |    11 |       ||    54
       Wereblood         |     4 |     3 |       |       ||     7
       Spider Form       |       |     2 |    43 |     9 ||    54
       Hydra Form        |       |       |     1 |    11 ||    12
 Abil: End Transformatio |       |       |     2 |       ||     2
Evoke: Wand              |       |       |    10 |       ||    10
  Use: Scroll            |       |     4 |     6 |     8 ||    18
       Potion            |       |       |     3 |     1 ||     4
 Stab: Sleeping          |     1 |     4 |     1 |     1 ||     7
       Invisible         |       |       |     4 |       ||     4
       Distracted        |       |       |     1 |       ||     1
       Petrified         |       |       |     5 |       ||     5
Armor: Robe              |    11 |    26 |    10 |     2 ||    49
       Skin              |       |     1 |    13 |    22 ||    36
       Animal skin       |       |       |       |     1 ||     1
Dodge: Dodged            |    53 |    95 |   285 |   100 ||   533

Table legend: (Time is in decaauts)
 A = Elapsed time spent in this place.
 B = Non-inter-level travel time spent in this place.
 C = Inter-level travel time spent in this place.
 D = Time resting spent in this place.
 E = Time spent auto-exploring this place.
 F = Levels seen in this place.
 G = Mean time per level.
                   A        B        C        D        E       F      G
               +--------+--------+--------+--------+--------+-----+--------+
         Total |  15746 |  15222 |    524 |   3146 |  10020 |  12 | 1312.2 |
       Dungeon |  15404 |  14880 |    524 |   3065 |   9821 |  11 | 1400.4 |
          Lair |    341 |    341 |      0 |     81 |    199 |   1 |  341.0 |
               +--------+--------+--------+--------+--------+-----+--------+

Top non-repeatable levels by time:
     D:6: 2597 daAuts
     D:5: 2106 daAuts
     D:4: 1778 daAuts
     D:9: 1604 daAuts
     D:1: 1440 daAuts
     D:8: 1437 daAuts
    D:10: 1374 daAuts
     D:3: 1289 daAuts
     D:7: 1231 daAuts
     D:2: 536 daAuts
  Lair:1: 341 daAuts
    D:11: 6 daAuts
